Map: Dusk Towers

Players

Astragor - Winner!

  • Race: Terran Terran
  • League: Platinum

MorN

  • Race: Terran Terran
  • League: Master

VOD

Have the link to the VOD?

Description

Time

  • Played on: Nov. 18, 2015, 5:41 p.m.
  • Length: 3:01
Show
View Real Time Build Order
Export as new Build Order

Astragor Terran - Winner!

Build Orders:  

Get SALT Encoding   

  12  0:00  SCV  
  13  0:17  Supply Depot  
  13  0:49  Barracks  
  13  0:53  Barracks  
  13  1:02  Barracks  
  13  1:36  Marine  
  13  1:39  Barracks, Marine  
  15  1:49  Marine  
  16  1:54  Marine  
  16  1:57  Marine  
  18  2:07  Marine  
  19  2:12  Marine  
  19  2:15  Marine  
  21  2:20  Supply Depot  
  21  2:25  Marine  
  21  2:27  Marine  
  23  2:41  Marine x2  
  23  2:43  Marine  
Show
View Real Time Build Order
Export as new Build Order

MorN Terran 

Build Orders:  

Get SALT Encoding   

  12  0:01  SCV  
  13  0:13  SCV  
  14  0:17  Supply Depot  
  14  0:25  SCV  
  15  0:35  Refinery  
  15  0:39  SCV  
  16  0:44  Barracks  
  16  0:51  SCV  
  17  1:04  SCV  
  18  1:16  SCV  
  19  1:31  Marine, Orbital Command  
  20  1:44  Command Center  
  20  1:54  Factory, Marine  
  20  1:59  SCV  
  22  2:06  Refinery  
  22  2:12  Marine  
  23  2:34  Supply Depot  
  23  2:39  Starport  
  23  2:40  Barracks Reactor  
  23  2:47  SCV  
Tags
 
Matchup
TvT
Race
Terran
Replay Pack
MorN pack 2
Add a new tag
Caveats
  • Supply blocks, unpowered buildings, or Contaminate may cause inaccurate times.
  • Supply counts are checked every 10 seconds.